 Dungeon Crawl Stone Soup version 0.27.0-1-g7a08968 (webtiles) character file.

Game seed: 12883379470130294196

235 Illumine the Cutter (level 5, 0/28 HPs)
             Began as a Spriggan Abyssal Knight on Aug 14, 2021.
             Was a Priest of Lugonu.
             Slain by an adder (4 damage)
             ... in a sewer.
             The game lasted 00:10:17 (4562 turns).

Illumine the Cutter (Spriggan Abyssal Knight)       Turns: 4562, Time: 00:10:17

Health: 0/28       AC:  2    Str:  9    XL:     5   Next: 76%
Magic:  8/8        EV: 18    Int: 14    God:    Lugonu [***...]
Gold:   73         SH:  0    Dex: 14    Spells: 4/4 levels left

rFire    . . .     SeeInvis +   a - +2 dagger (venom)
rCold    . . .     Faith    .   (shield restricted)
rNeg     . . .     Spirit   .   d - +0 robe
rPois    .         Reflect  .   (helmet restricted)
rElec    .         Harm     .   (no cloak)
rCorr    .         Rampage  .   (gloves unavailable)
Will     .....                  (boots unavailable)
Stlth    +.........             (no amulet)
HPRegen  0.09/turn              (no ring)
MPRegen  0.11/turn              (no ring)

@: brilliant, lethally poisoned (0 -> -4), slow
A: very small, no large weapons, unfitting armour, see invisible, speed 3
a: Renounce Religion, Depart the Abyss, Bend Space, Banish


You were in a sewer.
You worshipped Lugonu.
Lugonu was most pleased with you.
You visited 1 branch of the dungeon, and saw 4 of its levels.
You visited the Abyss 1 time.
You also visited: Sewer.

You collected 73 gold pieces.

Inventory:

Hand Weapons
 a - a +2 dagger of venom (weapon)
 b - a +0 hunting sling
Missiles
 e - 98 stones
 h - 67 sling bullets
 l - 4 curare-tipped darts (quivered)
Armour
 d - a +0 robe (worn)
Scrolls
 c - a scroll of enchant weapon {unknown}
 g - 4 scrolls of teleportation {unknown}
 i - a scroll of fear {unknown}
 j - a scroll of summoning {unknown}
 k - a scroll of fog {unknown}
 o - 2 scrolls of identify {unknown}
Potions
 n - a potion of attraction {unknown}
 p - a potion of lignification {unknown}


   Skills:
 + Level 3.2 Fighting
 * Level 4.6 Short Blades
 + Level 2.4 Slings
 + Level 3.8 Dodging
 * Level 2.8 Invocations


You had 4 spell levels left.
You didn't know any spells.
Your spell library contained the following spells:

 Spells                   Type           Power      Damage    Failure   Level
 Static Discharge         Conj/Air       0%         N/A       41%         2
 Lightning Bolt           Conj/Air       0%         1d11      100%        5
 Maxwell's Capacitive Co  Air            0%         ∞         100%        8


Dungeon Overview and Level Annotations

Branches:
Dungeon (4/15)              Sewer (1/1)
 Temple: D:4-7

Altars:

Shops:
D:1 :


Innate Abilities, Weirdness & Mutations

You are very small and have problems with some larger weapons.
You are too small for most types of armour.
You have supernaturally acute eyesight. (SInv)
You cover ground extremely quickly. (Speed+++)


Message History

You kill the ball python!
Lugonu accepts your kill. The adder misses you. The adder bites you.
* * * LOW HITPOINT WARNING * * *
You are lethally poisoned!
The adder poisons you!
You see here a ball python corpse.
* * * LOW HITPOINT WARNING * * *
You feel sick.
You feel better. The adder barely misses you.
You enter the shallow water.
Moving in this stuff is going to be slow. 2 kobolds come into view.
A kobold is wielding a +0 whip of electrocution.
The kobold shouts! x2
The adder barely misses you.
Okay, then.
Space bends around you!
You blink.
Splash!
Unknown command.
The adder completely misses you.
You enter the shallow water.
Moving in this stuff is going to be slow.
The adder bites you.
You see here a ball python corpse.
The adder barely misses you. The adder bites you.
* * * LOW HITPOINT WARNING * * *
You are lethally poisoned!
The adder poisons you!
* * * LOW HITPOINT WARNING * * *
You feel sick. The adder misses you.
Okay, then.
Okay, then.
It was a potion of brilliance.
You feel clever all of a sudden.
* * * LOW HITPOINT WARNING * * *
You feel sick. The adder bites you.
You die...

#≈≈ #≈# ##≈##
##≈≈.##
(.####...≈≈#####≈.
≈.≈(≈≈..∩.≈≈≈≈≈≈≈≈
..####≈∩≈..#####
##..≈## ##@## #S#
#S# ##S## ##..K##
≈ #≈.≈..#####≈...
#.≈...≈≈≈K≈K..≈
#≈....#####.≈..
##≈..## .


You could see 2 adders, a ball python and a kobold.

Vanquished Creatures
  An ogre (D:4)
  Robin (D:2)
  4 adders (D:2)
  A worm (D:2)
  3 dart slugs
  5 orcs
  8 endoplasms
  4 giant cockroaches
  11 goblins
  8 hobgoblins
  8 jackals (D:1)
  8 kobolds
  2 quokkas (D:2)
  7 ball pythons
  A bat (D:2)
  4 frilled lizards (D:1)
  7 rats
83 creatures vanquished.

Notes
Turn   | Place    | Note
-------+----------+-------------------------------------------
     0 | Abyss:1  | Illumine the Spriggan Abyssal Knight began the quest for
                  | the Orb.
     0 | Abyss:1  | Reached XP level 1. HP: 11/11 MP: 3/3
     5 | D:1      | Escaped the Abyss
   194 | D:1      | Reached XP level 2. HP: 16/16 MP: 4/4
   433 | D:1      | Reached skill level 3 in Short Blades
   617 | D:1      | Found Puunun's Book Shop.
   776 | D:1      | Reached XP level 3. HP: 19/19 MP: 5/5
   794 | D:1      | Reached skill level 1 in Slings
  1114 | D:1      | Reached ** piety under Lugonu
  1571 | D:2      | Noticed Robin
  2082 | D:2      | Killed Robin
  2083 | D:2      | Reached XP level 4. HP: 2/23 MP: 6/6
  2469 | D:2      | Found a faded altar of an unknown god.
  2702 | D:2      | Reached skill level 4 in Short Blades
  3762 | D:3      | Reached *** piety under Lugonu
  4014 | D:3      | Reached XP level 5. HP: 28/28 MP: 7/7
  4266 | D:4      | Noticed a necrophage
  4454 | D:4      | Noticed an ogre
  4481 | D:4      | Killed an ogre
  4516 | D:4      | Found a glowing drain.
  4525 | Sewer    | Entered a sewer
  4562 | Sewer    | Slain by an adder

Illustrated notes

Levels and vault maps discovered:
D:1:      lemuel_arrival_river_ford, layout_basic, serial_shops,
          nicolae_square_shop
D:2:      layout_rooms, shapermc_ecumenical_altar_ellora, uniq_robin
D:3:      layout_loops_corners
D:4:      layout_loops_ring, cheibrodos_sewer_entry_sluice, serial_shops,
          nicolae_shop_statue_plus, kennysheep_mini, shop,
          kennysheep_little_box, minmay_tree_intersection, uniq_duvessa
Sewer:    sewer_co_15_rooms

Skill      XL: |  1  2  3  4 |
---------------+-------------+-----
Invocations    | 2 |  2.8
Short Blades   | 3 4 |  4.6
Slings         | 1 2 |  2.4
Fighting       | 3 |  3.2
Dodging        | |  3.8

Action                   |  1- 3 |  4- 6 || total
-------------------------+-------+-------++-------
Melee: Short sword       |   100 |       ||   100
       Dagger            |     8 |    71 ||    79
 Fire: Hunting sling     |   109 |    67 ||   176
Throw: Dart              |       |     1 ||     1
Invok: Bend Space        |       |     1 ||     1
  Use: Potion            |       |     3 ||     3
Armor: Robe              |     5 |     6 ||    11
Dodge: Dodged            |    88 |    71 ||   159
